[Event "86th UKR-ch Men 2017"]
[Site "Zhytomyr"]
[Date "2017.12.16"]
[Round "10"]
[White "Grinev, Valeriy"]
[Black "Vypkhaniuk, Ihor"]
[Result "1/2-1/2"]
[ECO "E94"]
[WhiteElo "2409"]
[BlackElo "2336"]
[Annotator "NA"]
[PlyCount "132"]
[EventDate "2017.??.??"]
[EventType "tourn"]
[EventCountry "UKR"]
[SourceTitle "playchess.com"]
[Source "ChessBase"]
[SourceQuality "1"]
[TimeControl "40/5400+30:1800+30"]

1. c4 g6 2. d4 d6 3. e4 Bg7 4. Nc3 Nf6 5. Be2 O-O 6. Nf3 e5 7. O-O exd4 8. Nxd4 Re8 9. f3 Nc6 10. Be3 Nh5 11. Qd2 f5 12. Nxc6 bxc6 13. Bg5 Qd7 14. c5 dxc5 15. Bc4+ Kh8 16. Qxd7 Bxd7 17. exf5 Bd4+ 18. Kh1 Kg7 $16 (18... Rab8 $14) 19. Rad1 gxf5 20. Ne2 Kg6 21. Bc1 Be6 22. Bxe6 Rxe6 23. Nxd4 cxd4 24. Rxd4 Nf6 25. Bd2 Rd6 26. Bc3 Nd5 27. Rfd1 Rb8 28. Kg1 h5 29. R1d2 f4 30. Ba5 Re6 31. Rc2 Kf5 32. Kf2 Rg8 33. Rdd2 h4 34. h3 Reg6 35. Kg1 Re8 36. Re2 Re3 37. Kf1 Re5 38. Rxe5+ Kxe5 39. Re2+ Kd4 40. Be1 Rh6 41. Rd2+ Kc4 42. b3+ Kb5 43. Bf2 a5 44. Rd4 Rg6 45. Rc4 Ka6 46. Rc5 Rd6 47. Bxh4 Ne3+ 48. Ke2 Nxg2 49. Bf2 Re6+ 50. Kd2 Rd6+ 51. Kc3 Re6 52. Kb2 Rh6 53. Rg5 Nh4 54. Rg7 Kb7 55. Be1 Rh5 56. Bd2 Nxf3 57. Bxf4 Rxh3 58. Bxc7 a4 59. bxa4 c5 60. a5 Nd4 61. Bb6+ Ka6 62. Rc7 Rh2+ 63. Kc1 Rxa2 64. Kb1 Ra4 65. Rxc5 Nb3 66. Rh5 Nxa5 1/2-1/2